 Dungeon Crawl Stone Soup version 0.30.0-29-ga12c61a403 (webtiles) character file.

Game seed: 46781529348118368

123 Bucu the Chopper (level 5, 38/46 HPs)
             Began as a Hill Orc Fighter on June 22, 2023.
             Quit the game on level 4 of the Dungeon.
             The game lasted 00:13:40 (1741 turns).

Bucu the Chopper (Hill Orc Fighter)                 Turns: 1741, Time: 00:13:41

Health: 38/46      AC:  8    Str: 21    XL:     5   Next: 7%
Magic:  5/5        EV: 14    Int:  8    God:
Gold:   163        SH:  4    Dex: 10    Spells: 4/4 levels left

rFire   . . .        a - +0 war axe
rCold   . . .        c - +0 buckler
rNeg    . . .        b - +0 scale mail
rPois   .            (no helmet)
rElec   .            (no cloak)
rCorr   .            x - +0 pair of gloves
SInv    .            (no boots)
Will    .....        (no amulet) Stlth
                     j - +5 ring of evasion
HPRegen 0.27/turn    (no ring)
MPRegen 0.09/turn

%: no passive effects
@: no status effects
A: no striking features
a: no special abilities


You were on level 4 of the Dungeon.
You visited 1 branch of the dungeon, and saw 4 of its levels.

You collected 163 gold pieces.

Inventory:

Hand Weapons
 a - a +0 war axe (weapon)
 e - a +0 short sword
 l - a +0 dagger
 v - a +0 hand axe
Missiles
 u - 25 stones (quivered)
Armour
 b - a +0 scale mail (worn)
 c - a +0 buckler (worn)
 m - a +0 leather armour
 x - a +0 pair of gloves (worn)
 z - a +0 ring mail
 D - a +1 pair of gloves
Jewellery
 j - a +5 ring of evasion (left hand)
 C - a ring of see invisible
Scrolls
 h - 4 scrolls of identify {unknown}
 i - a scroll of enchant armour {unknown}
 o - a scroll of poison {unknown}
 p - 2 scrolls of magic mapping {unknown}
 s - a scroll of blinking {unknown}
 t - a scroll of summoning {unknown}
 y - a scroll of teleportation {unknown}
 B - a scroll of amnesia {unknown}
 E - a scroll of fog {unknown}
Potions
 d - a potion of might
 f - a potion of haste {unknown}
 g - a potion of attraction {unknown}
 k - a potion of curing {unknown}
 n - a potion of magic {unknown}
 q - a potion of heal wounds {unknown}
 r - 2 potions of resistance {unknown}
 w - a potion of degeneration {unknown}
 A - a potion of brilliance {unknown}


   Skills:
 + Level 4.0 Fighting
 + Level 4.6 Axes
 + Level 4.0 Armour
 + Level 0.3 Dodging
 + Level 0.2 Stealth
 + Level 4.1 Shields


You had 4 spell levels left.
You didn't know any spells.
Your spell library contained the following spells:

 Spells                   Type           Power      Damage    Failure   Level
 Lesser Beckoning         Tloc           0%         N/A       91%         2
 Gell's Gravitas          Tloc           0%         N/A       99%         3
 Teleport Other           Tloc           0%         N/A       99%         3


Dungeon Overview and Level Annotations

Branches:
Dungeon (4/15)
 Temple: D:4-7

Altars:
Elyvilon

Annotations:
D:3 2 exclusions


Message History

The iguana barely misses you. You block the adder's attack.
The iguana bites you but does no damage.
You miss the adder.
The adder is almost dead.
You completely miss the iguana. You block the adder's attack.
The iguana misses you. The adder bites you.
You closely miss the adder.
The adder is almost dead.
You hit the iguana.
You kill the iguana!
The adder bites you but does no damage.
You barely miss the adder.
The adder is almost dead.
The adder misses you. The adder bites you but does no damage.
You completely miss the adder.
The adder is almost dead.
The adder barely misses you. The adder misses you.
You barely miss the adder.
The adder is almost dead.
The adder bites you but does no damage. The adder bites you.
You are poisoned.
The adder poisons you!
You miss the adder.
The adder is almost dead.
You feel sick. The adder bites you.
You barely miss the adder.
The adder is almost dead.
You feel sick. The adder misses you. The adder bites you but does no damage.
You slash the adder!
You kill the adder!
You feel sick.
You are no longer poisoned.
Your Armour skill increases to level 4!
You have reached level 5!
You feel stronger.
Unknown command.
Unknown command.
Unknown command.
Found a sapphire potion.
Are you sure you want to abandon this character and quit the game? (Confirm with "yes".)

.......#..<......##
†......#..^.......#
.......##..####...##
.......##...##.....## ##
........##..........#..##
...##.........###.......#
...# #...#....##........#
#... ##.#l..###...##..##
##.. .....# #@.## ###
.#... #.## ... .....
#...... #......# .....!.#
.....####


There were no monsters in sight!

Vanquished Creatures
  An iguana (D:4)
  An orc wizard (D:3)
  2 adders (D:4)
  A worm (D:2)
  A dart slug (D:3)
  4 orcs (D:3)
  5 endoplasms
  5 goblins
  2 hobgoblins
  4 jackals (D:3)
  2 quokkas
  7 ball pythons
  3 bats
  6 frilled lizards
  2 kobolds
  2 rats
48 creatures vanquished.

Notes
Turn   | Place    | Note
-------+----------+-------------------------------------------
     0 | D:1      | Bucu the Hill Orc Fighter began the quest for the Orb.
     0 | D:1      | Reached XP level 1. HP: 19/19 MP: 1/1
   119 | D:1      | Reached XP level 2. HP: 27/27 MP: 2/2
   678 | D:3      | Reached XP level 3. HP: 33/33 MP: 3/3
  1124 | D:3      | Reached XP level 4. HP: 14/40 MP: 4/4
  1417 | D:3      | Found a faded altar of an unknown god.
  1420 | D:3      | Found a white marble altar of Elyvilon.
  1739 | D:4      | Reached XP level 5. HP: 38/46 MP: 5/5
  1741 | D:4      | Quit the game

Illustrated notes

Levels and vault maps discovered:
D:1:      dpeg_arrival_simpleton_c, layout_basic,
          shapermc_ecumenical_altar_petra
D:2:      layout_rooms, chequers_arboretum, minmay_cupped
D:3:      layout_loops_cross, nicolae_overflow_ecumenical_swirl, minivault_5,
          kennysheep_generic_room_6
D:4:      layout_cave_pools, gammafunk_temple_overflow_pools

Skill      XL: |  1  2  3  4 |
---------------+-------------+-----
Axes           | 3 4 |  4.6
Shields        | 4 |  4.1
Fighting       | 4 |  4.0
Armour         | 4 |  4.0
Dodging        | |  0.3
Stealth        | |  0.2

Action                     |  1- 3 |  4- 6 || total
---------------------------+-------+-------++-------
  Melee: War axe           |   104 |    21 ||   125
  Throw: Stone             |       |     2 ||     2
 Armour: Scale mail        |    43 |    13 ||    56
  Dodge: Dodged            |    65 |    17 ||    82
  Block: Buckler           |    40 |     7 ||    47
